 Dungeon Crawl Stone Soup version 0.29.1-14-g9c671dbff4 (webtiles) character file.

Game seed: 4680343290332222305

57 devnull the Chopper (level 4, -1/35 HPs)
             Began as a Human Fighter on Feb 19, 2023.
             Slain by a gnoll
             ... wielding a +0 flail
              (11 damage)
             ... on level 2 of the Dungeon.
             The game lasted 00:02:21 (2376 turns).

devnull the Chopper (Human Fighter)                 Turns: 2376, Time: 00:02:22

Health: -1/35      AC:  6    Str: 19    XL:     4   Next: 18%
Magic:  4/4        EV:  9    Int:  8    God:
Gold:   95         SH:  4    Dex: 12    Spells: 3/3 levels left

rFire   . . .      SeeInvis .   a - +0 war axe
rCold   . . .      Faith    .   c - +0 buckler
rNeg    . . .      Spirit   .   b - +0 scale mail
rPois   .          Reflect  .   (no helmet)
rElec   .          Harm     .   (no cloak)
rCorr   .          Rampage  .   (no gloves)
Will    .....                   (no boots)
Stlth   ..........              (no amulet)
HPRegen 0.11/turn               (no ring)
MPRegen 0.09/turn               (no ring)

@: no status effects
A: no striking features
a: no special abilities


You were on level 2 of the Dungeon.
You visited 1 branch of the dungeon, and saw 2 of its levels.

You collected 95 gold pieces.

Inventory:

Hand Weapons
 a - a +0 war axe (weapon)
Armour
 b - a +0 scale mail (worn)
 c - a +0 buckler (worn)
Jewellery
 o - an amulet of magic regeneration
Scrolls
 e - a scroll of enchant armour {unknown}
 f - a scroll of identify {unknown}
 g - a scroll of fear {unknown}
 j - a scroll of enchant weapon {unknown}
 l - 2 scrolls of amnesia {unknown}
 m - a scroll of silence {unknown}
 p - a scroll of vulnerability {unknown}
Potions
 d - a potion of might
 h - 3 potions of curing {unknown}
 i - a potion of haste {unknown}
 k - 2 potions of heal wounds {unknown}
 n - a potion of brilliance {unknown}


   Skills:
 - Level 3.0 Fighting
 + Level 4.1 Axes
 - Level 3.0 Armour
 - Level 3.0 Shields


You had 3 spell levels left.
You didn't know any spells.
Your spell library contained the following spells:

 Spells                   Type           Power      Damage    Failure   Level
 Frozen Ramparts          Ice            0%         1d1       99%         3
 Ice Form                 Ice/Tmut       0%         N/A       100%        4
 Summon Ice Beast         Ice/Summ       0%         N/A       100%        4


Dungeon Overview and Level Annotations

Branches:
Dungeon (2/15)

Altars:


Message History

You barely miss the gnoll.
The gnoll is severely wounded.
The gnoll hits you with a +0 spear. You block the gnoll's attack.
You closely miss the gnoll.
The gnoll is heavily wounded.
The gnoll barely misses you.
You slash the gnoll!
You kill the gnoll!
Your Axes skill increases to level 4!
You have reached level 4!
You feel stronger.
A gnoll comes into view. It is wielding a +0 flail.
A gnoll is nearby!
The gnoll shouts!
You hear a shout!
Things that are here:
a +0 spear; a gnoll corpse You hit the gnoll.
The gnoll is lightly wounded.
The gnoll closely misses you. The gnoll barely misses you.
You hit the gnoll.
The gnoll is heavily wounded.
The gnoll hits you with a +0 flail.
You hit the gnoll but do no damage.
The gnoll is heavily wounded.
The gnoll hits you with a +0 flail!
You hit the gnoll.
The gnoll is almost dead.
The gnoll hits you with a +0 flail. x2
* * * LOW HITPOINT WARNING * * *
A gnoll comes into view. It is wielding a +0 halberd.
You are too injured to fight recklessly!
You are too injured to fight recklessly!
You hit the gnoll but do no damage.
The gnoll is almost dead.
You block the gnoll's attack. The gnoll hits you but does no damage.
You aren't carrying any items that you can evoke.
Unknown command.
Unknown command.
The gnoll attacks as you move away! The gnoll hits you with a +0 flail!
You die...

#### ..#
## #g#
#. #g#
#. #@#
#. #!#
#. #.#
#. #.#
#. #(#
########
#.#
#......[
#.#
#.......
#.#
#......>
#.#
#.......


You could see 2 gnolls.

Vanquished Creatures
  An adder (D:2)
  A gnoll (D:2)
  2 dart slugs
  2 bats
  An endoplasm (D:2)
  3 giant cockroaches
  3 goblins (D:1)
  2 hobgoblins (D:1)
  3 kobolds
  3 quokkas
  5 ball pythons
  3 frilled lizards
  4 rats
33 creatures vanquished.

Notes
Turn   | Place    | Note
-------+----------+-------------------------------------------
     0 | D:1      | devnull the Human Fighter began the quest for the Orb.
     0 | D:1      | Reached XP level 1. HP: 18/18 MP: 1/1
    88 | D:1      | Reached XP level 2. HP: 18/24 MP: 2/2
   296 | D:1      | Reached skill level 3 in Axes
   455 | D:1      | Reached XP level 3. HP: 27/29 MP: 3/3
   476 | D:1      | Found a faded altar of an unknown god.
  2364 | D:2      | Reached skill level 4 in Axes
  2364 | D:2      | Reached XP level 4. HP: 31/35 MP: 4/4
  2376 | D:2      | Slain by a gnoll

Illustrated notes

Levels and vault maps discovered:
D:1:      dpeg_arrival_round_c, layout_basic,
          hellmonk_ecumenical_altar_heavens_door, st_stairs_11,
          minmay_misc_feat_rugged, minmay_misc_feat_secret_circle,
          hangedman_feature_mirror
D:2:      layout_basic, minmay_hedge_maze

Skill      XL: |  1  2  3 |
---------------+----------+-----
Axes           | 3 4 |  4.1
Fighting       | |  3.0
Armour         | |  3.0
Shields        | |  3.0

Action                   |  1- 3 |  4- 6 || total
-------------------------+-------+-------++-------
Melee: War axe           |   134 |     5 ||   139
  Use: Scroll            |     1 |       ||     1
Armor: Scale mail        |    32 |     1 ||    33
Dodge: Dodged            |    40 |     2 ||    42
Block: Buckler           |    24 |     1 ||    25
